 Dungeon Crawl Stone Soup version 0.30-a0-920-g7493c07aab (webtiles) character file.

Game seed: 3773192492798773228

4 Endersslay the Grave Robber (level 1, 0/13 HPs)
             Began as a Vampire Necromancer on Mar 21, 2023.
             Slain by an adder (2 damage)
             ... on level 2 of the Dungeon.
             The game lasted 00:02:53 (133 turns).

Endersslay the Grave Robber (Vampire Necromancer)    Turns: 133, Time: 00:02:53

Health: 0/13       AC:  2    Str:  7    XL:     1   Next: 50%
Magic:  1/3        EV: 12    Int: 17    God:
Gold:   11         SH:  0    Dex: 14    Spells: 3/4 levels left

rFire   . . .      SeeInvis +    d - +0 short sword
rCold   . . .      Faith    .    (no shield)
rNeg    . . .      Spirit   .    a - +0 robe
rPois   .          Reflect  .    (no helmet)
rElec   .          Rampage  .    (no cloak)
rCorr   .                        (no gloves)
Will    .....                    (no boots)
Stlth   ++                       (no amulet)
HPRegen 0.42/turn                (no ring)
MPRegen 0.08/turn                (no ring)

@: lethally poisoned (0 -> -3), healing quickly
A: alive, fangs 3, see invisible, vampiric 1
a: Exsanguinate


You were on level 2 of the Dungeon.
You visited 1 branch of the dungeon, and saw 2 of its levels.

You collected 11 gold pieces.

Inventory:

Hand Weapons
 d - a +0 short sword (weapon)
 e - a +0 dagger
Missiles
 f - 3 stones
Armour
 a - a +0 robe (worn)
Scrolls
 c - a scroll of magic mapping
Potions
 b - a potion of magic


   Skills:
 + Level 2.2 Dodging
 + Level 3.0 Stealth
 + Level 2.1 Spellcasting
 + Level 4.5 Necromancy


You had 3 spell levels left.
You knew the following spells:

 Your Spells              Type           Power      Damage    Failure   Level
a - Necrotise             Necr           68%        1d7       3%          1

Your spell library contained the following spells:

 Spells                   Type           Power      Damage    Failure   Level
 Vampiric Draining        Necr           17%        2d7       9%          3
 Animate Dead             Necr           17%        N/A       28%         4
 Agony                    Necr           17%        N/A       63%         5


Dungeon Overview and Level Annotations

Branches:
Dungeon (2/15)

Altars:


Innate Abilities, Weirdness & Mutations

Your natural rate of healing is accelerated.
You have razor-sharp teeth.
You have supernaturally acute eyesight. (SInv)
You are afflicted with vampirism.


Message History

Aim: a rat (chance to affect: 87%)
The rat writhes in agony!
You kill the rat!
The dead are walking!
An adder comes into view.
You see here a scroll labelled RIQARA ETIL.
g - a scroll labelled RIQARA ETIL
As you read the scroll labelled RIQARA ETIL, it crumbles to dust.
It is a scroll of identify.
c - a scroll of magic mapping The adder hisses angrily.
A worm comes into view.
An adder comes into view.
The adder hisses angrily.
The adder bites you but does no damage.
Your rat skeleton closely misses the adder.
You closely miss the adder. The adder completely misses you.
The adder bites you.
Your rat skeleton bites the adder.
You closely miss the adder. The adder bites you but does no damage.
The adder bites you.
Your rat skeleton bites the adder.
The adder bites your rat skeleton.
You hit the adder.
The adder is moderately wounded.
The adder barely misses you. The adder bites you.
You are lethally poisoned!
The adder poisons you! The worm bites your rat skeleton!
Your rat skeleton is destroyed!
The adder barely misses you.
Aiming: Necrotise (safe; 3% risk of failure)
Press: ? - help, Q - select action, (/) - cycle Shift-Dir - straight line, f - adder
Aim: an adder (moderately wounded, chance to affect: 81%)
The adder barely resists.
* * * LOW HITPOINT WARNING * * *
You feel sick. The adder closely misses you.
The adder bites you but does no damage.
You hit the adder.
The adder is severely wounded.
* * * LOW HITPOINT WARNING * * *
You feel sick. The adder bites you.
You die...

#<# #.#.#
#.#.# #.#.# #
#.#.#
#.##.#.#
#.w.#.# #
#.##S#.##...#
# #.@S...#
###.##...# .#
. .# #. #


You could see a worm and 2 adders.

Vanquished Creatures
  An endoplasm (D:2)
  A bat (D:1)
  A kobold (D:1)
  A rat (D:2)
4 creatures vanquished.

Vanquished Creatures (collateral kills)
  A ball python (D:1)
1 creature vanquished.

Grand Total: 5 creatures vanquished

Notes
Turn   | Place    | Note
-------+----------+-------------------------------------------
     0 | D:1      | Endersslay the Vampire Necromancer began the quest for the
                  | Orb.
     0 | D:1      | Reached XP level 1. HP: 13/13 MP: 3/3
   107 | D:1      | Found a faded altar of an unknown god.
   133 | D:2      | Slain by an adder

Illustrated notes

Levels and vault maps discovered:
D:1:      psy_arrival_terrarium, layout_basic, shapermc_ecumenical_altar_venn,
          chequers_decorated_corner
D:2:      layout_loops_ring, serial_bayou_pond_e

Action                     || total
---------------------------++-------
  Melee: Short sword       ||     5
   Cast: Necrotise         ||     5
    Use: Scroll            ||     1
 Armour: Robe              ||     6
  Dodge: Dodged            ||    11

Table legend: (Time is in decaauts)
 A = Elapsed time spent in this place.
 B = Non-inter-level travel time spent in this place.
 C = Inter-level travel time spent in this place.
 D = Time resting spent in this place.
 E = Time spent auto-exploring this place.
 F = Levels seen in this place.
 G = Mean time per level.
                   A        B        C        D        E       F      G
               +--------+--------+--------+--------+--------+-----+--------+
         Total |    132 |     90 |     42 |      0 |      0 |   2 |   66.0 |
       Dungeon |    132 |     90 |     42 |      0 |      0 |   2 |   66.0 |
               +--------+--------+--------+--------+--------+-----+--------+

Top non-repeatable levels by time:
     D:1: 113 daAuts
     D:2: 18 daAuts
